 Seeded DCSS version 0.29-a0-451-gfbfa42419e (webtiles) character file.

Game seed: 23 (custom seed)

106 Psyclone the Chiller (level 4, -4/27 HPs)
             Began as an Octopode Ice Elementalist on May 20, 2022.
             Slain by Pargi (8 damage)
             ... on level 3 of the Dungeon.
             The game lasted 00:04:09 (2931 turns).

Psyclone the Chiller (Octopode Ice Elementalist)    Turns: 2931, Time: 00:04:09

Health: -4/27      AC:  1    Str:  7    XL:     4   Next: 84%
Magic:  3/7        EV: 13    Int: 19    God:
Gold:   99         SH:  0    Dex: 12    Spells: 3/7 levels left

rFire   . . .      SeeInvis .   b - +0 dagger
rCold   . . .      Faith    .   (no shield)
rNeg    . . .      Spirit   .   (helmet restricted)
rPois   .          Reflect  .   (no amulet)
rElec   .          Harm     .   (no ring)
rCorr   .          Rampage  .   (no ring)
Will    .....                   (no ring)
Stlth   +++.......              (no ring)
HPRegen 0.09/turn               (no ring)
MPRegen 0.10/turn               (no ring)
                                (no ring)
                                (no ring)

@: no status effects
A: almost no armour, amphibious, 8 rings, camouflage 1, gelatinous body 1,
(nimble swimmer 1), tentacles
a: no special abilities


You were on level 3 of the Dungeon.
You visited 1 branch of the dungeon, and saw 3 of its levels.

You collected 99 gold pieces.

Inventory:

Hand Weapons
 b - a +0 dagger (weapon)
Jewellery
 j - a ring of ice
Scrolls
 c - 2 scrolls of teleportation {unknown}
 d - 3 scrolls of identify {unknown}
 e - a scroll of blinking {unknown}
 g - a scroll of magic mapping {unknown}
 k - a scroll of acquirement {unknown}
Potions
 a - a potion of magic
 f - a potion of curing {unknown}
 h - a potion of haste {unknown}
 i - 2 potions of flight {unknown}
 l - a potion of brilliance {unknown}
 m - 2 potions of lignification {unknown}
 n - a potion of mutation {unknown}


   Skills:
 - Level 2.2 Dodging
 - Level 3.1 Stealth
 - Level 2.1 Spellcasting
 + Level 5.7 Ice Magic


You had 3 spell levels left.
You knew the following spells:

 Your Spells              Type           Power      Damage    Failure   Level
a - Freeze                Ice            92%        1d10      1%          1
b - Frozen Ramparts       Ice            46%        1d6       4%          3

Your spell library contained the following spells:

 Spells                   Type           Power      Damage    Failure   Level
 Ozocubu's Armour         Ice            23%        N/A       4%          3
 Slow                     Hex            8%         N/A       17%         1
 Confusing Touch          Hex            2%         N/A       45%         3
 Gell's Gravitas          Tloc           2%         N/A       45%         3
 Lesser Beckoning         Tloc           2%         N/A       45%         3
 Teleport Other           Tloc           2%         N/A       45%         3
 Vampiric Draining        Necr           2%         2d6       45%         3
 Hailstorm                Conj/Ice       12%        3d5       45%         4


Dungeon Overview and Level Annotations

Branches:
Dungeon (3/15)

Altars:

Annotations:
D:3 Pargi


Innate Abilities, Weirdness & Mutations

You cannot wear most types of armour.
You are amphibious.
You can wear up to eight rings at the same time.
Your skin changes colour to match your surroundings (Stealth+).
Your rubbery body absorbs attacks. (AC +1, EV +1)
((You are camouflaged when in or above water. (Stealth+)))
You have tentacles for arms and can constrict up to eight enemies at once.


Message History

You take 1 damage, and have 26/27 hp.
Casting: Freeze (safe; 1% risk of failure)
Confirm with . or Enter, or press ? or * to list all spells.
Aiming: Freeze (safe; 1% risk of failure)
Press: ? - help, Shift-Dir - straight line, f - Pargi
Aim: Pargi (moderately wounded)
You freeze Pargi.
Pargi is moderately wounded.
Pargi closely misses you. Pargi claws you. x2
You take 5 damage, and have 21/27 hp.
You now have 6/7 mp.
Casting: Freeze (safe; 1% risk of failure)
Confirm with . or Enter, or press ? or * to list all spells.
Aiming: Freeze (safe; 1% risk of failure)
Press: ? - help, Shift-Dir - straight line, f/p - Pargi
Aim: Pargi (moderately wounded)
You freeze Pargi.
Pargi is heavily wounded.
Pargi bites you! Pargi claws you. x2
You take 12 damage, and have 9/27 hp.
MASSIVE DAMAGE!!
You now have 5/7 mp.
Casting: Freeze (safe; 1% risk of failure)
Confirm with . or Enter, or press ? or * to list all spells.
Aiming: Freeze (safe; 1% risk of failure)
Press: ? - help, Shift-Dir - straight line, f/p - Pargi
Aim: Pargi (heavily wounded)
You freeze Pargi!
Pargi is severely wounded.
Pargi closely misses you. Pargi claws you.
* * * LOW HITPOINT WARNING * * *
Pargi claws you.
* * * LOW HITPOINT WARNING * * *
You take 5 damage, and have 4/27 hp.
You now have 4/7 mp.
Casting: Freeze (safe; 1% risk of failure)
Confirm with . or Enter, or press ? or * to list all spells.
Aiming: Freeze (safe; 1% risk of failure)
Press: ? - help, Shift-Dir - straight line, f/p - Pargi
Aim: Pargi (severely wounded)
You freeze Pargi.
Pargi is severely wounded.
Pargi bites you!
You die...

#######.#
#.# #.# #)#
#[# #.###
#...#
###.#####.#
#...@T..#
#########


You could see Pargi.

Vanquished Creatures
  Jessica (D:2)
  2 adders (D:2)
  A dart slug (D:1)
  An orc (D:3)
  9 ball pythons
  3 endoplasms (D:2)
  A giant cockroach (D:1)
  9 goblins
  4 hobgoblins
  3 jackals (D:1)
  7 kobolds
  A quokka (D:3)
  5 bats
  6 frilled lizards
  2 rats (D:3)
55 creatures vanquished.

Notes
Turn   | Place    | Note
-------+----------+-------------------------------------------
     0 | D:1      | Psyclone the Octopode Ice Elementalist began the quest for
                  | the Orb.
     0 | D:1      | Reached XP level 1. HP: 11/11 MP: 3/3
   182 | D:1      | Reached XP level 2. HP: 16/17 MP: 5/5
  1086 | D:1      | Reached XP level 3. HP: 15/21 MP: 2/6
  1090 | D:1      | Learned a level 3 spell: Frozen Ramparts
  1855 | D:2      | Reached skill level 5 in Ice Magic
  2176 | D:2      | Noticed Jessica
  2181 | D:2      | Killed Jessica
  2182 | D:2      | Reached XP level 4. HP: 27/27 MP: 7/7
  2531 | D:2      | Found a faded altar of an unknown god.
  2923 | D:3      | Noticed Pargi
  2931 | D:3      | Slain by Pargi

Illustrated notes

Levels and vault maps discovered:
D:1:      dpeg_arrival_tiny_k, layout_loops_corners
D:2:      layout_basic, hellmonk_ecumenical_altar_zigzags, minmay_pentomino_s4,
          uniq_jessica
D:3:      layout_basic, chequers_temple_overflow_statue_of_worship, uniq_pargi

Skill      XL: |  1  2  3 |
---------------+----------+-----
Stealth        | 3 |  3.1
Ice Magic      | 5 |  5.7
Dodging        | |  2.2
Spellcasting   | |  2.1

Action                   |  1- 3 |  4- 6 || total
-------------------------+-------+-------++-------
Melee: Unarmed           |     6 |       ||     6
       Constrict         |     8 |     1 ||     9
       Tentacles         |     7 |     2 ||     9
       Dagger            |    45 |    20 ||    65
 Cast: Freeze            |    21 |    12 ||    33
 Stab: Sleeping          |    11 |     8 ||    19
Armor: Skin              |     7 |     3 ||    10
Dodge: Dodged            |    61 |    16 ||    77

Table legend: (Time is in decaauts)
 A = Elapsed time spent in this place.
 B = Non-inter-level travel time spent in this place.
 C = Inter-level travel time spent in this place.
 D = Time resting spent in this place.
 E = Time spent auto-exploring this place.
 F = Levels seen in this place.
 G = Mean time per level.
                   A        B        C        D        E       F      G
               +--------+--------+--------+--------+--------+-----+--------+
         Total |   2929 |   2888 |     41 |    383 |   2126 |   3 |  976.3 |
       Dungeon |   2929 |   2888 |     41 |    383 |   2126 |   3 |  976.3 |
               +--------+--------+--------+--------+--------+-----+--------+

Top non-repeatable levels by time:
     D:1: 1803 daAuts
     D:2: 963 daAuts
     D:3: 162 daAuts
